 Dungeon Crawl Stone Soup version 0.31-a0-675-g238779eb0a (webtiles) character file.

Game seed: 6824347570848556142

1927 lunkers the Martial Artist (level 9, -4/64 HPs)
             Began as a Meteoran Shapeshifter on Sept 5, 2023.
             Was an Elder of Jiyva.
             Slain by Joseph
             ... wielding a +1 spectral quarterstaff
              (20 damage)
             ... on level 7 of the Dungeon.
             The game lasted 00:10:19 (3301 turns).

lunkers the Martial Artist (Meteoran Shapeshifter)  Turns: 3301, Time: 00:10:20

Health: -4/64      AC:  4    Str: 15    XL:     9   Next: 67%
Magic:  7/10       EV: 12    Int: 13    God:    Jiyva [****..]
Gold:   321        SH:  0    Dex: 18    Spells: 8/8 levels left

rFire   + .          .
                       - Unarmed
rCold   . . .        (no shield)
rNeg    . . .        i - +1 leather armour {rF+}
rPois   .            (helmet currently unavailable)
rElec   .            (cloak currently unavailable)
rCorr   +            (gloves currently unavailable)
SInv    .            (boots currently unavailable)
Will    +....        t - amulet of regeneration
Stlth   +            (no ring)
HPRegen 2.38/turn    (no ring)
MPRegen 0.52/turn

%: no passive effects
@: beast-form, calling ooze, glowing
A: beast (slay +4), sense surroundings 2, otherworldly, glowing, explore regen,
wild magic 3, jelly absorbing missiles
a: Begin Untransformation, Renounce Religion, Oozemancy, Slimify


You were on level 7 of the Dungeon.
You worshipped Jiyva.
Jiyva was greatly pleased with you.
You were a hulking beast.
You visited 1 branch of the dungeon, and saw 7 of its levels.
You also visited: Sewer.

You collected 321 gold pieces.

Inventory:

Missiles
 a - 7 boomerangs
 b - 5 curare-tipped darts
 p - a throwing net
 s - 12 poisoned darts
Armour
 i - a +1 leather armour of fire resistance (worn)
 m - a +0 pair of boots
 o - a scarf of repulsion
 r - a +0 cloak
Jewellery
 t - an amulet of regeneration (around neck)
Talismans
 c - a beast talisman (active)
 d - a flux talisman
Wands
 h - a wand of digging (4)
 w - a wand of flame (25)
Scrolls
 q - 3 scrolls of teleportation
 u - 2 scrolls of amnesia
 v - a scroll of enchant weapon
Potions
 e - 4 potions of haste
 f - a potion of heal wounds
 g - a potion of enlightenment
 j - a potion of attraction
 k - a potion of berserk rage
 l - 2 potions of magic
 n - 2 potions of brilliance
 z - a potion of lignification


   Skills:
 + Level 1.2 Fighting
 + Level 2.2 Dodging
 * Level 11.8 Unarmed Combat
 + Level 8.3 Shapeshifting


You had 8 spell levels left.
You didn't know any spells.
Your spell library contained the following spells:

 Spells                   Type           Power      Damage    Failure   Level
 Kiss of Death            Conj/Necr      0%         2d5       63%         1
 Magic Dart               Conj           0%         1d3       63%         1
 Searing Ray              Conj           0%         2d4       75%         2
 Gell's Gravitas          Tloc           0%         N/A       91%         3
 Teleport Other           Tloc           0%         N/A       91%         3
 Fulminant Prism          Conj/Hex       0%         3d5       99%         4
 Dispersal                Tloc           0%         N/A       100%        6


Dungeon Overview and Level Annotations

Branches:
Dungeon (7/15) Zot: 1320   Temple (0/1) D:4           Sewer (visited)

Altars:
Ashenzari
Okawaru
Wu Jian

Shops:
D:1 ?   D:5 [

Annotations:
D:7 Jeremiah, Joseph


Innate Abilities, Weirdness & Mutations

You are a hulking beast.
Your limbs bulge with bestial killing power. (Slay +4)
You passively map the area around you.
You are easily found by Zot.
You glow in the dark.
You regain HP and MP as you explore.
Your spells are much harder to cast, but much more powerful.
You have a small jelly attached to you that may absorb projectiles.


Message History

The butterfly disappears in a burst of colours!
The orc hits you but does no damage.
There are monsters nearby!
You punch the orc!
You kill the orc!
Jeremiah says, "Oh, this is an awfully strange dream."
The butterfly disappears in a burst of colours!
Things that are here:
a +0 whip; 3 boomerangs; a +0 leather armour Joseph, a Mercenary comes into view.
He is wielding a +1 spectral quarterstaff.
There is an escape hatch in the ceiling here.
Joseph unwields a +1 spectral quarterstaff.
Joseph wields a +0 sling.
Joseph shoots a sling bullet.
The sling bullet hits you!
Your attached jelly eats the sling bullet!
You feel better.
Joseph shoots a sling bullet.
The sling bullet hits you!
Your attached jelly eats the sling bullet!
You feel better.
Joseph unwields a +0 sling.
Joseph wields a +1 spectral quarterstaff.
Joseph hits you with a +1 spectral quarterstaff!
The +1 spectral quarterstaff hits you!
* * * LOW HITPOINT WARNING * * *
A +1 spectral quarterstaff comes into view.
Okay, then.
Activating: Oozemancy (5% risk of failure)
Press: ? - help, Dir - look around, f - activate Slime begins to ooze from the nearby walls!
The walls burn the +1 spectral quarterstaff!
Joseph shares his spectral weapon's damage!
The +1 spectral quarterstaff hits you!
* * * LOW HITPOINT WARNING * * *
The walls burn the +1 spectral quarterstaff!
Joseph shares his spectral weapon's damage!
The +1 spectral quarterstaff hits you.
* * * LOW HITPOINT WARNING * * *
The wall burns Joseph!
Joseph hits you with a +1 spectral quarterstaff!!
You die...

#.#.##### #.# , , ..#.# #<#
, ....# #.# * *, ##### #.#
* ....# #.# * *
###.########.###########
........................,**
###.##.###..####(@......, ,
##...........# #h#######
##..##.###...# #.#
##..##.###..b###.#
......b...bbb).<.# * *
.#.#######...##### ,, , *
.........b...# ,*
##.#######.#.# , * #.#
#.#b# ** #.# * > ..#


You could see Joseph and a +1 spectral quarterstaff.

Vanquished Creatures
  Menkaure (D:7)
  A water moccasin (D:6)
  6 ice beasts
  A centaur (D:6)
  A phantom (D:7)
  A kobold brigand (D:3)
  A bullfrog (D:7)
  A gnoll sergeant (D:6)
  2 howler monkeys
  A jelly (Sewer)
  2 hounds
  3 iguanas
  5 orc wizards
  11 adders
  16 gnolls
  2 river rats (Sewer)
  An ufetubus (D:5)
  2 worms
  A dart slug (D:1)
  39 orcs
  A bat (D:1)
  8 endoplasms
  7 giant cockroaches
  3 goblins
  3 hobgoblins
  5 jackals (D:3)
  4 quokkas
  6 ball pythons
  7 frilled lizards
  6 kobolds
  10 rats
158 creatures vanquished.

Vanquished Creatures (others)
  A howler monkey (D:3)
  A jelly (D:6)
  2 hounds (D:3)
  An orc wizard (D:6)
  A gnoll (D:6)
  4 orcs
  A giant cockroach (Sewer)
  2 goblins (D:3)
  9 jackals (D:3)
  A ball python (D:4)
  2 bats (D:3)
  A frilled lizard (Sewer)
26 creatures vanquished.

Grand Total: 184 creatures vanquished

Notes
Turn   | Place    | Note
-------+----------+-------------------------------------------
     0 | D:1      | lunkers the Meteoran Shapeshifter began the quest for the
                  | Orb.
     0 | D:1      | Reached XP level 1. HP: 16/16 MP: 2/2
   116 | D:1      | Found Yxymayfa's Magic Scroll Shoppe.
   121 | D:1      | Reached skill level 4 in Unarmed Combat
   121 | D:1      | Reached XP level 2. HP: 23/23 MP: 3/3
   359 | D:2      | Reached XP level 3. HP: 25/28 MP: 4/4
   504 | D:2      | Found a broken altar of Ashenzari.
   551 | D:2      | Found a faded altar of an unknown god.
   558 | D:2      | Got Plato's Reference Book on the Charnel House
   681 | D:2      | Reached XP level 4. HP: 8/35 MP: 5/5
   759 | D:3      | Reached skill level 5 in Unarmed Combat
   814 | D:3      | Found a glowing drain.
   829 | Sewer    | Entered a sewer
   879 | Sewer    | Reached XP level 5. HP: 25/40 MP: 6/6
  1048 | Sewer    | Reached skill level 6 in Unarmed Combat
  1048 | Sewer    | Reached XP level 6. HP: 34/47 MP: 7/7
  1052 | Sewer    | Found a viscous altar of Jiyva.
  1066 | Sewer    | Became a worshipper of Jiyva Jymeddob the Shapeless
  1268 | D:3      | Reached skill level 5 in Shapeshifting
  1439 | D:3      | Reached skill level 7 in Unarmed Combat
  1494 | D:3      | Reached XP level 7. HP: 41/52 MP: 8/8
  1739 | D:3      | Reached * piety under Jiyva
  1998 | D:4      | Reached ** piety under Jiyva
  2006 | D:4      | Found a staircase to the Ecumenical Temple.
  2309 | D:5      | Entered Level 5 of the Dungeon
  2317 | D:5      | Reached skill level 8 in Unarmed Combat
  2323 | D:5      | Reached *** piety under Jiyva
  2348 | D:5      | Found Orro's Antique Armour Emporium.
  2405 | D:5      | Reached XP level 8. HP: 53/59 MP: 9/9
  2478 | D:5      | Gained mutation: You have a small jelly attached to you
                  | that may absorb projectiles. [Jiyva's grace]
  2478 | D:5      | Gained mutation: Your spells are a little harder to cast,
                  | but a little more powerful. [Jiyva's grace]
  2478 | D:5      | Gained mutation: Your spells are harder to cast, but more
                  | powerful. [Jiyva's grace]
  2478 | D:5      | Gained mutation: Your spells are much harder to cast, but
                  | much more powerful. [Jiyva's grace]
  2575 | D:5      | Found an ornate altar of the Wu Jian Council.
  2613 | D:6      | Reached **** piety under Jiyva
  2666 | D:6      | Reached skill level 9 in Unarmed Combat
  2731 | D:6      | Found an iron altar of Okawaru.
  2834 | D:6      | Reached skill level 10 in Unarmed Combat
  2908 | D:6      | Gained mutation: You passively map the area around you.
                  | [Meteoran growth]
  2908 | D:6      | Reached XP level 9. HP: 27/64 MP: 10/10
  3111 | D:6      | Reached skill level 11 in Unarmed Combat
  3179 | D:7      | Noticed Menkaure
  3185 | D:7      | Killed Menkaure
  3280 | D:7      | Noticed Jeremiah
  3296 | D:7      | Noticed Joseph
  3301 | D:7      | Slain by Joseph

Illustrated notes

Levels and vault maps discovered:
D:1:      grunt_arrival_lava_bath, layout_rooms, serial_shops,
          nicolae_shop_just_a_little_nook
D:2:      layout_basic, basic_altar, shapermc_ecumenical_altar_rom_forum
D:3:      lemuel_castle_with_subvaults [lemuel_castle_interior_carwin_1],
          layout_basic, gup_sewer_entry_bubbles
D:4:      layout_layer_cave, minmay_temple_entry_slanted
D:5:      layout_cave_pools, mainiacjoe_overflow_paths, serial_shops,
          shop_fountains
D:6:      layout_basic, mainiacjoe_overflow_small_starburst, serial_shops,
          nicolae_diamond_shop, glass_columns_b
D:7:      layout_loops_ring, pdpol_temple_overflow_zin_treasury_gozag_greed,
          uniq_pikel, uniq_joseph, uniq_jeremiah, uniq_menkaure

Skill      XL: |  1  2  3  4  5  6  7  8  9 |
---------------+----------------------------+-----
Unarmed Combat | 4 5 6 7 8 10 11 | 11.8
Shapeshifting  | 4 5 6 7 8 |  8.3
Fighting       | |  1.2
Dodging        | |  2.2

Action                     |  1- 3 |  4- 6 |  7- 9 || total
---------------------------+-------+-------+-------++-------
  Melee: Unarmed           |    57 |   224 |   212 ||   493
         Punch             |     1 |     3 |    11 ||    15
 Invoke: Oozemancy         |       |       |     1 ||     1
    Use: Scroll            |       |     6 |     9 ||    15
         Potion            |       |     3 |       ||     3
   Stab: Sleeping          |     1 |       |       ||     1
 Armour: Animal skin       |     2 |       |       ||     2
         Leather armour    |    29 |   108 |   142 ||   279
         Skin              |       |    76 |    12 ||    88
  Dodge: Dodged            |    21 |   124 |   115 ||   260

Table legend: (Time is in decaauts)
 A = Elapsed time spent in this place.
 B = Non-inter-level travel time spent in this place.
 C = Inter-level travel time spent in this place.
 D = Time resting spent in this place.
 E = Time spent auto-exploring this place.
 F = Levels seen in this place.
 G = Mean time per level.
                   A        B        C        D        E       F      G
               +--------+--------+--------+--------+--------+-----+--------+
         Total |   3295 |   3221 |     74 |      0 |   1970 |   8 |  411.9 |
       Dungeon |   2879 |   2805 |     74 |      0 |   1805 |   7 |  411.3 |
         Sewer |    416 |    416 |      0 |      0 |    165 |   1 |  416.0 |
               +--------+--------+--------+--------+--------+-----+--------+

Top non-repeatable levels by time:
     D:3: 692 daAuts
     D:6: 564 daAuts
     D:4: 527 daAuts
   Sewer: 416 daAuts
     D:2: 370 daAuts
     D:1: 325 daAuts
     D:5: 281 daAuts
     D:7: 116 daAuts
